 Seeded DCSS version 0.30.1-9-gdf580d7c3d (webtiles) character file.

Game seed: 6351066067085065685 (custom seed)

2884 Esekla the Thaumaturge (level 9, -2/45 HPs)
             Began as a Deep Elf Wanderer on Sept 25, 2023.
             Was a Priest of Vehumet.
             Killed from afar by a steam dragon (17 damage)
             ... with a ball of steam
             ... on level 8 of the Dungeon on Sept 26, 2023.
             The game lasted 00:43:53 (6508 turns).

Esekla the Thaumaturge (Deep Elf Wanderer)          Turns: 6508, Time: 00:43:53

Health: -2/45      AC:  5    Str: 11      XL:     9   Next: 48%
Magic:  13/26      EV: 13    Int: 23      God:    Vehumet [***...]
Gold:   398        SH:  3    Dex:  9 (11) Spells: 16/31 levels left

rFire   . . .        c - +4 scimitar
rCold   . . .        d - +0 buckler
rNeg    . . .        I - +0 robe
rPois   .            m - +0 helmet
rElec   .            E - +0 cloak
rCorr   .            l - +0 pair of gloves
SInv    .            (no boots)
Will    .....        B - amulet of magic regeneration
Stlth   ++           (no ring)
HPRegen 0.27/turn    (no ring)
MPRegen 0.60/turn

%: no passive effects
@: no status effects
A: no striking features
a: Renounce Religion


You were on level 8 of the Dungeon.
You worshipped Vehumet.
Vehumet was most pleased with you.
You visited 1 branch of the dungeon, and saw 8 of its levels.

You collected 398 gold pieces.

Inventory:

Hand Weapons
 a - a +2 vampiric dagger
 c - a +4 scimitar (weapon)
 r - a +4 trident of venom
 s - the +5 rapier of the Hero {heavy, rN+ Dex+3}
   (You found it on level 3 of the Dungeon)

   Dex:       It affects your dexterity (+3).
   rN:        It protects you from negative energy.
Missiles
 w - 18 poisoned darts (quivered)
Armour
 d - a +0 buckler (worn)
 l - a +0 pair of gloves (worn)
 m - a +0 helmet (worn)
 E - a +0 cloak (worn)
 I - a +0 robe (worn)
Jewellery
 B - an amulet of magic regeneration (around neck)
Wands
 f - a wand of roots (20)
 D - a wand of flame (15)
 G - a wand of mindburst (6)
Scrolls
 g - 8 scrolls of identify {unknown}
 o - 2 scrolls of amnesia {unknown}
 p - a scroll of enchant armour {unknown}
 q - a scroll of immolation {unknown}
 u - 2 scrolls of fog {unknown}
 v - 5 scrolls of blinking {unknown}
 x - 3 scrolls of enchant weapon {unknown}
 y - a scroll of silence {unknown}
 z - a scroll of summoning {unknown}
 A - a scroll of magic mapping {unknown}
 C - 2 scrolls of fear
 F - 2 scrolls of poison {unknown}
 H - 2 scrolls of teleportation {unknown}
Potions
 b - 2 potions of lignification
 e - 3 potions of ambrosia {unknown}
 h - 2 potions of heal wounds {unknown}
 i - 6 potions of curing {unknown}
 j - 2 potions of haste {unknown}
 k - 6 potions of attraction {unknown}
 n - a potion of mutation {unknown}
 t - 3 potions of brilliance {unknown}


   Skills:
 + Level 3.0 Short Blades
 + Level 1.8 Throwing
 * Level 6.2 Dodging
 + Level 1.8 Stealth
 + Level 2.1 Shields
 * Level 11.5 Spellcasting
 + Level 2.5 Conjurations
 * Level 6.3 Necromancy
 + Level 4.1 Translocations
 * Level 2.8 Fire Magic
 + Level 0.1 Poison Magic
 + Level 1.0 Invocations
 + Level 0.4 Evocations


You had 16 spell levels left.
You knew the following spells:

 Your Spells              Type           Power      Damage    Failure   Level
a - Magic Dart            Conj           100%       1d8       1%          1
b - Blink                 Tloc           64%        N/A       1%          2
d - Vampiric Draining     Necr           42%        2d9       1%          3
n - Ignite Poison         Fire/Tmut/Pois 17%        N/A       4%          3
o - Scorch                Fire           52%        2d7       1%          2
p - Apportation           Tloc           64%        N/A       1%          1
t - Teleport Other        Tloc           32%        N/A       3%          3

Your spell library contained the following spells:

 Spells                   Type           Power      Damage    Failure   Level
 Lesser Beckoning         Tloc           64%        N/A       1%          2
 Gell's Gravitas          Tloc           32%        N/A       3%          3
 Spider Form              Tmut/Pois      13%        N/A       21%         3
 Cause Fear               Hex            6%         N/A       56%         4
 Summon Mana Viper        Hex/Summ       13%        N/A       88%         5


Dungeon Overview and Level Annotations

Branches:
Dungeon (8/15)             Temple (0/1) D:6
   Lair: D:8-11

Altars:
Dithmenos
Fedhas
Hepliaklqana
Okawaru
Qazlal
Trog
Vehumet
Zin
The Shining One

Shops:
D:2 =   D:4 (

Annotations:
D:7 Joseph


Message History

Confirm with . or Enter, or press ? or * to list all spells.
Aiming: Vampiric Draining (safe; 1% risk of failure)
Press: ? - help, Shift-Dir - straight line, f - kobold brigand
Aim: a kobold brigand, wielding a +0 short sword and quivering poisoned darts (moderately wounded, more vulnerable to fire)
You draw life force from the kobold brigand!
You feel life coursing into your body.
You hear an angry hiss.
A steam dragon comes into view.
You block the kobold brigand's attack.
Casting: Vampiric Draining (safe; 1% risk of failure)
Confirm with . or Enter, or press ? or * to list all spells.
Aiming: Vampiric Draining (safe; 1% risk of failure)
Press: ? - help, Shift-Dir - straight line, f/p - kobold brigand
Aim: a kobold brigand, wielding a +0 short sword and quivering poisoned darts (severely wounded, more vulnerable to fire)
You draw life force from the kobold brigand!
You kill the kobold brigand!
Vehumet accepts your kill.
You feel your power returning.
You feel life coursing into your body. The steam dragon breathes steam at you.
The ball of steam hits you!
* * * LOW HITPOINT WARNING * * *
You hear a shout! x8
There is a stone staircase leading up here.
Found a scroll labelled HULENOGAYR. 2 orcs come into view.
The orc moves out of view.
You start resting.
An orc is nearby!
Casting: Vampiric Draining (safe; 1% risk of failure)
Confirm with . or Enter, or press ? or * to list all spells.
Flames lash the steam dragon.
The steam dragon is moderately wounded.
The steam dragon's fire resistance burns away.
You hear a shout!
The orc barely misses you. The steam dragon breathes steam at you.
The ball of steam hits the orc!
The orc dies!
The ball of steam hits you!
You die...

#.## #...
...### ....
..# ####.#
#.D..##
#§##..###
#@#...<.#
#.##.##.#
#.##.##§D)#
#.##.####)#
#.##.# o#
#.##.# #
#...? ...


You could see a steam dragon (catching breath, combustible).

Vanquished Creatures
  Pikel (D:6)
  A wyvern (D:7)
  Menkaure (D:7)
  An ice beast (D:7)
  A sky beast (D:6)
  2 black bears
  2 ogres
  A centaur (D:7)
  A phantom (D:7)
  Blork the orc (D:6)
  2 kobold brigands
  A gnoll sergeant (D:7)
  A bullfrog (D:7)
  2 scorpions (D:5)
  3 wights (D:7)
  A quasit (D:8)
  A gnoll bouda (D:4)
  6 hounds
  A jelly (D:6)
  Crazy Yiuf (D:7)
  A sleepcap (D:5)
  5 iguanas
  An orc wizard (D:7)
  16 gnolls
  9 adders
  4 white imps
  3 ufetubi
  A worm (D:4)
  3 dart slugs
  14 orcs
  6 ball pythons
  4 endoplasms
  8 goblins
  5 hobgoblins
  A quokka (D:1)
  4 bats
  4 frilled lizards
  14 kobolds
  A rat (D:1)
135 creatures vanquished.

Vanquished Creatures (others)
  An orc (D:8)
1 creature vanquished.

Grand Total: 136 creatures vanquished

Notes
Turn   | Place    | Note
-------+----------+-------------------------------------------
     0 | D:1      | Esekla the Deep Elf Wanderer began the quest for the Orb.
     0 | D:1      | Esekla set off with the following items: a +0 club, a
                  | potion of lignification, a +0 robe, a +0 buckler; and the
                  | following spells available to memorise: Apportation, Blink,
                  | Lesser Beckoning, Magic Dart, Ignite Poison, Vampiric
                  | Draining.
     0 | D:1      | Reached XP level 1. HP: 10/10 MP: 7/7
     2 | D:1      | Learned a level 1 spell: Magic Dart
     4 | D:1      | Learned a level 1 spell: Apportation
   243 | D:2      | Found Renulab's Jewellery Shop.
   453 | D:4      | Found a radiant altar of Vehumet.
   457 | D:4      | Became a worshipper of Vehumet
   474 | D:4      | Found an iron altar of Okawaru.
   486 | D:4      | Found a glowing silver altar of Zin.
   743 | D:3      | Reached XP level 2. HP: 15/15 MP: 7/9
   746 | D:3      | Learned a level 2 spell: Blink
   805 | D:3      | Found a stormy altar of Qazlal.
   925 | D:2      | Noticed a black bear
  1130 | D:3      | Reached skill level 5 in Spellcasting
  1242 | D:3      | Identified the +5 rapier of the Hero {heavy, rN+ Dex+3}
                  | (You found it on level 3 of the Dungeon)
  1271 | D:2      | Reached skill level 1 in Necromancy
  1344 | D:1      | Reached XP level 3. HP: 18/19 MP: 8/11
  1348 | D:1      | Learned a level 3 spell: Vampiric Draining
  1385 | D:1      | Reached * piety under Vehumet
  1385 | D:1      | Offered knowledge of Foxfire by Vehumet.
  1647 | D:1      | Reached skill level 1 in Short Blades
  1700 | D:1      | Reached skill level 1 in Dodging
  1737 | D:1      | Learned a level 3 spell: Teleport Other
  1810 | D:2      | Reached XP level 4. HP: 24/24 MP: 7/13
  1861 | D:2      | Found a faded altar of an unknown god.
  1890 | D:2      | Reached skill level 6 in Spellcasting
  2332 | D:3      | Reached XP level 5. HP: 25/28 MP: 8/15
  2388 | D:3      | Found a bloodstained altar of Trog.
  2391 | D:3      | Found a hazy altar of Hepliaklqana.
  2531 | D:4      | Found Ponaysk's Antique Weapon Boutique.
  2665 | D:4      | Found a glowing golden altar of the Shining One.
  2855 | D:4      | Reached skill level 1 in Conjurations
  2967 | D:4      | Reached XP level 6. HP: 16/32 MP: 1/17
  3009 | D:5      | Entered Level 5 of the Dungeon
  3012 | D:5      | Got the Parchment of the Lumpy Olives
  3032 | D:5      | Found a shadowy altar of Dithmenos.
  3168 | D:5      | Reached skill level 7 in Spellcasting
  3283 | D:5      | Offered knowledge of Sandblast by Vehumet.
  3547 | D:5      | Reached XP level 7. HP: 35/36 MP: 19/19
  3583 | D:5      | Reached ** piety under Vehumet
  3924 | D:5      | Reached skill level 1 in Throwing
  4246 | D:6      | Noticed Pikel
  4316 | D:7      | Found a runed translucent door.
  4317 | D:7      | Noticed Crazy Yiuf
  4325 | D:7      | Killed Crazy Yiuf
  4326 | D:7      | Reached skill level 8 in Spellcasting
  4373 | D:7      | Noticed a wyvern
  4378 | D:7      | HP: 1/36 [wyvern (11)]
  4379 | D:7      | Killed a wyvern
  4566 | D:7      | Noticed Menkaure
  4573 | D:7      | Killed Menkaure
  4574 | D:7      | Reached XP level 8. HP: 8/41 MP: 22/22
  4710 | D:7      | Reached skill level 9 in Spellcasting
  4933 | D:6      | Found a staircase to the Ecumenical Temple.
  5124 | D:6      | Killed Pikel
  5125 | D:6      | Reached skill level 5 in Dodging
  5125 | D:6      | Reached skill level 10 in Spellcasting
  5125 | D:6      | Reached skill level 5 in Necromancy
  5340 | D:6      | Found a blossoming altar of Fedhas.
  5346 | D:6      | Offered knowledge of Scorch by Vehumet.
  5362 | D:6      | Reached XP level 9. HP: 44/45 MP: 17/25
  5387 | D:6      | Reached *** piety under Vehumet
  5499 | D:6      | Noticed Blork the orc
  5510 | D:6      | Killed Blork the orc
  5511 | D:6      | Reached skill level 11 in Spellcasting
  5514 | D:6      | Learned a level 2 spell: Scorch
  5864 | D:2      | Reached skill level 1 in Fire Magic
  6352 | D:7      | Learned a level 3 spell: Ignite Poison
  6439 | D:7      | Noticed Joseph
  6508 | D:8      | Killed from afar by a steam dragon

Illustrated notes

Levels and vault maps discovered:
D:1:      sevenhm_arrival_forest_fort_small_3, layout_rooms,
          chequers_serial_rivers_room_b, minmay_misc_feat_five
D:2:      layout_loops_ring, dreamdust_ecumenical_altar_angels_and_demons,
          serial_shops, shop
D:3:      layout_basic, grunt_temple_overflow_open, minmay_misc_feat_iff
D:4:      layout_basic, nicolae_overflow_quartered_altars, serial_shops,
          nicolae_diamond_shop
D:5:      layout_loops_ring, lemuel_doored_altar, minmay_misc_feat_rows,
          dreamdust_wishing_well
D:6:      layout_loops_cross, fedhas_altar_fruit_tree,
          minmay_temple_entry_glass, uniq_pikel, uniq_blork_the_orc
D:7:      layout_basic, uniq_menkaure, uniq_joseph, uniq_crazy_yiuf_cottage
D:8:      layout_basic, nicolae_uskayaw_dance_hall, serial_demonic,
          serial_demonic_d, serial_demonic_a, serial_demonic_c,
          serial_demonic_c, nicolae_diode_quadrants

Skill      XL: |  1  2  3  4  5  6  7  8  9 |
---------------+----------------------------+-----
Spellcasting   | 5 6 7 8 10 11 | 11.5
Necromancy     | 1 2 3 4 5 6 |  6.3
Short Blades   | 1 2 3 |  3.0
Dodging        | 1 2 3 4 5 6 |  6.2
Conjurations   | 1 2 |  2.5
Translocations | 3 4 |  4.1
Throwing       | 1 |  1.8
Shields        | 2 |  2.1
Fire Magic     | 2 |  2.8
Stealth        | |  1.8
Poison Magic   | |  0.1
Invocations    | |  1.0
Evocations     | |  0.4

Action                     |  1- 3 |  4- 6 |  7- 9 || total
---------------------------+-------+-------+-------++-------
  Melee: Short sword       |    36 |       |       ||    36
         Rapier            |    25 |    60 |    55 ||   140
         Dagger            |       |     3 |    68 ||    71
  Throw: Dart              |       |    15 |    26 ||    41
   Cast: Magic Dart        |    51 |    54 |    27 ||   132
         Apportation       |    28 |    16 |    21 ||    65
         Blink             |     3 |     3 |     4 ||    10
         Vampiric Draining |     1 |    12 |    35 ||    48
         Teleport Other    |       |       |     6 ||     6
         Scorch            |       |       |    40 ||    40
         Ignite Poison     |       |       |     1 ||     1
  Evoke: Wand              |       |       |     5 ||     5
    Use: Scroll            |     1 |       |       ||     1
   Stab: Sleeping          |     2 |     2 |     2 ||     6
         Distracted        |     1 |       |       ||     1
 Armour: Robe              |    46 |    19 |    35 ||   100
  Dodge: Dodged            |    65 |    49 |    99 ||   213
  Block: Buckler           |    19 |    18 |    39 ||    76
